AoeStats
← Gemuda

Arabia

509737569Analyzed
1v1 RM · 5d ago on Sep 27, 2026· 56m 45s· 2 players
Game mode
Random Map
Map size
Tiny (2 player)
Population
200
Speed
Normal
Resources
Standard
Victory
Conquest
Starting age
Dark Age
Ending age
Imperial Age
RankedLock teamsTeams togetherTeam positionsShared explorationLock speedFull tech treeHidden civsTurbo modeCheats
Victory
Defeat
🇺🇸 Byzantines · United States
202
+8
🇹🇷 Teutons · Türkiye
—
Gemuda
2:58 Loom
11:14 Feudal Age
12:46 Wheelbarrow
11:54 Horse Collar
16:11 Double-Bit Axe
24:28 Castle Age
22:50 Gold Mining
24:15 Stone Mining
25:53 Hand Cart
26:06 Heavy Plow
27:38 Bow Saw
31:34 Bloodlines
32:25 Town Watch
34:22 Stone Shaft Mining
34:17 Ironclad
34:55 Town Patrol
41:27 Imperial Age
40:45 Town Patrol
41:05 Fervor
41:21 Sanctity
42:46 Hoardings
42:30 Masonry
41:55 Cavalier
44:26 Crenellations
43:36 Pikeman
44:48 Scale Mail Armor
47:01 Elite Teutonic Knight
49:53 Elite Skirmisher
53:25 Chemistry
53:13 Capped Ram
Komnenos
6:27 Loom
12:05 Feudal Age
14:17 Wheelbarrow
13:33 Arson
14:46 Double-Bit Axe
18:23 Horse Collar
22:57 Castle Age
21:35 Fletching
22:03 Forging
23:45 Gold Mining
23:49 Stone Mining
25:51 Bow Saw
26:58 Pikeman
27:43 Scale Mail Armor
27:44 Padded Archer Armor
29:15 Heavy Plow
29:15 Elite Skirmisher
33:16 Imperial Age
31:06 Squires
32:09 Bodkin Arrow
33:49 Hand Cart
35:18 Two-Man Saw
34:57 Gold Shaft Mining
35:37 Stone Shaft Mining
35:56 Husbandry
39:49 Murder Holes
40:15 Ballistics
40:27 Thumb Ring
39:48 Crossbowman
42:21 Chemistry
43:17 Heavy Camel Rider
45:42 Logistica
48:31 Elite Cataphract
49:24 Scale Barding Armor
49:37 Leather Archer Armor
49:46 Halberdier
50:14 Gambesons
52:45 Iron Casting
54:22 Chain Barding Armor
54:05 Bracer
54:48 Bombard Tower
56:27 Elite Varangian Guard
Connection lost

Rejoining the realm…

Still unreachable

The connection could not be restored.

Session expired

The server has moved on; the page needs a fresh start.